 Dungeon Crawl Stone Soup version 0.14-a0-1969-g2c76abe (webtiles) character file.

208 4tharraofdagon the Ruffian (level 5, -3/53 HPs)
             Began as a Troll Monk on Jan 17, 2014.
             Splashed by a jelly's acid (14 damage)
             ... on Level 4 of the Dungeon.
             The game lasted 00:02:43 (707 turns).

4tharraofdagon the Ruffian (Troll Monk)              Turns: 707, Time: 00:02:44

HP  -3/53        AC  5     Str 19      XL: 5   Next:  2%
MP   2/2         EV 10     Int  7      God:
Gold 68          SH  0     Dex 12      Spells:  0 memorised,  4 levels left

rFire  . . .     SeeInvis .       - Unarmed
rCold  . . .     Clarity  .     a - +0 robe
rNeg   . . .     Conserve .     (shield restricted)
rPois  .         rCorr    .     (helmet restricted)
rElec  .         rRot     .     (no cloak)
SustAb . .       Spirit   .     (gloves unavailable)
rMut   .         Warding  .     (boots unavailable)
Gourm  +         Stasis   .     (no amulet)
MR     .....                    (no ring)
                                (no ring)

@: mildly poisoned, not resistant to hostile enchantments, unstealthy
A: unfitting armour, claws 3, fast metabolism 3, gourmand, regeneration 2,
saprovore 2, shaggy fur 1, tough skin 2
a: no special abilities


You were on level 4 of the Dungeon.
You were full.

You visited 1 branch of the dungeon, and saw 4 of its levels.

You collected 68 gold pieces.

Inventory:

Missiles
 j - 17 darts (quivered)
Armour
 a - a +0 robe (worn)
Comestibles
 b - 2 meat rations
Scrolls
 d - a scroll of teleportation {unknown}
 e - a scroll of blinking {unknown}
 f - a scroll of immolation {unknown}
 h - a scroll of enchant weapon II {unknown}
 k - a scroll of random uselessness {unknown}
 l - a scroll of identify {unknown}
Potions
 c - a potion of curing
 g - a potion of speed {unknown}
 i - 2 potions of mutation {unknown}


   Skills:
 + Level 3.5 Fighting
 - Level 2.4 Dodging
 - Level 1.1 Stealth
 * Level 5.4 Unarmed Combat


You had 4 spell levels left.
You didn't know any spells.

Dungeon Overview and Level Annotations

Branches:
Dungeon (4/16)
 Temple: D:4-7

Altars:
Trog
Xom


Innate Abilities, Weirdness & Mutations

You are too large for most types of armour.
You have claws for hands.
Your metabolism is lightning-fast.
You like to eat raw meat.
You heal very quickly.
You can eat rotten meat.
You are covered in fur (AC +1).
You have very tough skin (AC +2).


Message History

You feel sick.
You claw the ogre!
You kill the ogre!
Your Unarmed Combat skill increases to level 5!
You have reached level 4!
You have reached level 5!
You feel sick.
You hit the jelly.
Your claws burn!
The jelly is lightly wounded.
You claw the jelly!
Your claws burn!
The jelly is heavily wounded.
You hear a slurping noise.
The jelly hits you but does no damage.
You claw the jelly!
Your claws burn!
* * * LOW HITPOINT WARNING * * *
The jelly is heavily wounded.
The jelly hits you.
* * * LOW HITPOINT WARNING * * *
You are splashed with acid!
The acid burns!
You die...

##########..≈≈≈≈≈
#....OJ.g...#
#.########.## #.#
# #.# #.# #g# #J#
#@# #<# #.# ...
#####


You could see a jelly and a hobgoblin.

Vanquished Creatures
  An ogre (D:4)
  An inept feature mimic (D:3)
  3 adders
  2 giant geckos (D:3)
  3 bats
  4 goblins
  2 hobgoblins
  A quokka (D:3)
  2 giant newts
  3 jackals (D:3)
  6 kobolds
  3 rats
31 creatures vanquished.

Vanquished Creatures (others)
  2 adders (D:4)
  An orc (D:4)
  A jackal (D:4)
  2 giant newts (D:4)
  A rat (D:4)
7 creatures vanquished.

Grand Total: 38 creatures vanquished

Notes
Turn   | Place    | Note
--------------------------------------------------------------
     0 | D:1      | 4tharraofdagon, the Troll Monk, began the quest for the Orb.
     0 | D:1      | Reached XP level 1. HP: 22/22 MP: 1/1
   337 | D:1      | Reached XP level 2. HP: 29/29 MP: 1/1
   351 | D:2      | Found a bloodstained altar of Trog.
   572 | D:3      | Reached XP level 3. HP: 29/36 MP: 2/2
   680 | D:4      | Noticed an ogre
   681 | D:4      | Found a shimmering altar of Xom.
   681 | D:4      | Noticed an ogre
   704 | D:4      | Killed an ogre
   704 | D:4      | Reached skill level 5 in Unarmed Combat
   704 | D:4      | Reached XP level 4. HP: 18/45 MP: 2/2
   704 | D:4      | Reached XP level 5. HP: 21/53 MP: 2/2
   707 | D:4      | Splashed by a jelly's acid

Action                   |  1- 3 |  4- 6 || total
-------------------------+-------+-------++-------
Melee: Unarmed           |    84 |     3 ||    87
  Use: Potion            |     3 |       ||     3
